 Dungeon Crawl Stone Soup version 0.30-a0-373-gd37427bb62 (webtiles) character file.

Game seed: 376122056219225767

98 bande the Shield-Bearer (level 4, -5/29 HPs)
             Began as a Gargoyle Fighter on Nov 24, 2022.
             Slain by an ogre
             ... wielding a +0 giant spiked club
              (15 damage)
             ... on level 3 of the Dungeon.
             The game lasted 00:02:49 (2183 turns).

bande the Shield-Bearer (Gargoyle Fighter)          Turns: 2183, Time: 00:02:50

Health: -5/29      AC: 19    Str: 20    XL:     4   Next: 69%
Magic:  4/4        EV:  5    Int:  8    God:
Gold:   98         SH:  9    Dex: 11    Spells: 3/3 levels left

rFire   . . .      SeeInvis .    a - +0 war axe
rCold   . . .      Faith    .    c - +0 buckler
rNeg    + . .      Spirit   .    t - +0 plate armour
rPois   ∞          Reflect  +    (no helmet)
rElec   +          Harm     .    (no cloak)
rCorr   .          Rampage  .    (no gloves)
Will    .....                    (no boots)
Stlth   ..........               e - amulet of reflection
HPRegen 0.24/turn                i - +4 ring of protection
MPRegen 0.09/turn                (no ring)

@: no status effects
A: sickness immunity, AC +3, negative energy resistance 1, electricity
resistance, torment resistance 1, petrification resistance
a: no special abilities


You were on level 3 of the Dungeon.
You visited 1 branch of the dungeon, and saw 3 of its levels.

You collected 98 gold pieces.

Inventory:

Hand Weapons
 a - a +0 war axe (weapon)
Missiles
 r - 2 throwing nets (quivered)
Armour
 c - a +0 buckler (worn)
 t - a +0 plate armour (worn)
Jewellery
 e - an amulet of reflection (around neck)
 h - an amulet of regeneration
 i - a +4 ring of protection (left hand)
Scrolls
 b - a scroll of immolation {unknown}
 g - 7 scrolls of teleportation {unknown}
 j - a scroll of silence {unknown}
 k - 2 scrolls of identify {unknown}
 q - a scroll of enchant armour {unknown}
 s - a scroll of fear {unknown}
Potions
 d - a potion of might
 f - a potion of brilliance {unknown}
 l - a potion of flight {unknown}
 m - a potion of curing {unknown}
 o - a potion of degeneration {unknown}
 p - a potion of lignification {unknown}


   Skills:
 + Level 3.9 Fighting
 + Level 2.7 Axes
 + Level 3.8 Armour
 - Level 0.1 Dodging
 + Level 4.2 Shields


You had 3 spell levels left.
You didn't know any spells.
Your spell library contained the following spells:

 Spells                   Type           Power      Damage    Failure   Level
 Foxfire                  Conj/Fire      0%         2x1d4     100%        1
 Sting                    Tmut/Pois      0%         1d3       100%        1
 Poisonous Vapours        Pois/Air       0%         N/A       100%        2
 Ignite Poison            Fire/Tmut/Pois 0%         N/A       100%        3
 Mephitic Cloud           Conj/Pois/Air  0%         N/A       100%        3
 Starburst                Conj/Fire      0%         6d3       100%        6
 Cigotuvi's Dreadful Rot  Necr/Pois/Air  Unusable   N/A       N/A         2

Dungeon Overview and Level Annotations

Branches:
Dungeon (3/15)

Altars:


Innate Abilities, Weirdness & Mutations

You are immune to sickness and miasma.
Your stone body is resilient. (AC +3)
You are immune to poison.
You resist negative energy. (rN+)
You are resistant to electric shocks. (rElec)
You are resistant to unholy torment.
You are immune to petrification.


Message History

Found a rapier.
Found a stone staircase leading down.
Found a stone staircase leading down.
An ogre comes into view. It is wielding a +0 giant spiked club.
The ogre shouts!
The ogre hits you with a +0 giant spiked club!
You barely miss the ogre.
The ogre hits you with a +0 giant spiked club.
You are too injured to fight recklessly!
You are too injured to fight recklessly!
You are too injured to fight recklessly!
You are too injured to fight recklessly!
You are too injured to fight recklessly!
You are too injured to fight recklessly!
You hit the ogre.
The ogre is lightly wounded.
You block the ogre's attack.
You hit the ogre.
The ogre is moderately wounded.
The ogre barely misses you.
You slash the ogre!
The ogre is heavily wounded.
The ogre barely misses you.
You barely miss the ogre.
The ogre is heavily wounded.
The ogre hits you with a +0 giant spiked club!
You completely miss the ogre.
The ogre is heavily wounded.
The ogre barely misses you.
You slash the ogre!
The ogre is almost dead.
The ogre barely misses you.
You completely miss the ogre.
The ogre is almost dead.
You block the ogre's attack.
You barely miss the ogre.
The ogre is almost dead.
The ogre hits you with a +0 giant spiked club!
Ouch! That really hurt!
You die...

...# .#.## .. ##.
.#..# #. .. ....#
#. ##.# ##..##
#.##...# .....#
#......# .....#
###.....# .....#
>.##..O..# .....#
##.##..@.#
.....#####........#
..................#
............##....+
..........#.##....#
..........#.##....#
..........#.##....#
....#.....#...#...#
#.#.#.....##....###


You could see an ogre.

Vanquished Creatures
  6 adders
  2 worms (D:3)
  2 dart slugs
  10 ball pythons
  An endoplasm (D:3)
  3 giant cockroaches
  A goblin (D:1)
  A hobgoblin (D:2)
  A quokka (D:3)
  2 bats
  6 kobolds
  2 rats
37 creatures vanquished.

Notes
Turn   | Place    | Note
-------+----------+-------------------------------------------
     0 | D:1      | bande the Gargoyle Fighter began the quest for the Orb.
     0 | D:1      | Reached XP level 1. HP: 14/14 MP: 1/1
   145 | D:1      | Got the Vellum of Intoxicating Heat
   436 | D:1      | Reached XP level 2. HP: 19/19 MP: 2/2
   998 | D:2      | Reached XP level 3. HP: 24/24 MP: 3/3
  1190 | D:2      | Reached skill level 4 in Shields
  1287 | D:2      | Reached XP level 4. HP: 29/29 MP: 4/4
  2030 | D:3      | Found a faded altar of an unknown god.
  2171 | D:3      | Noticed an ogre
  2183 | D:3      | Slain by an ogre

Illustrated notes

Levels and vault maps discovered:
D:1:      wander_arrival_estate, layout_loops_corners, minmay_fountain_box
D:2:      layout_loops_ring, minmay_snake_closets
D:3:      layout_rooms, gammafunk_temple_overflow_pools,
          ebering_ecumenical_altar_box

Skill      XL: |  1  2  3 |
---------------+----------+-----
Axes           | 2 |  2.7
Shields        | 4 |  4.2
Fighting       | |  3.9
Armour         | |  3.8
Dodging        | |  0.1

Action                   |  1- 3 |  4- 6 || total
-------------------------+-------+-------++-------
Melee: War axe           |    68 |    48 ||   116
Armor: Scale mail        |    17 |       ||    17
       Chain mail        |    26 |    11 ||    37
       Plate armour      |       |     9 ||     9
Dodge: Dodged            |    31 |    15 ||    46
Block: Buckler           |    42 |    20 ||    62
       Reflection        |     1 |     2 ||     3

Table legend: (Time is in decaauts)
 A = Elapsed time spent in this place.
 B = Non-inter-level travel time spent in this place.
 C = Inter-level travel time spent in this place.
 D = Time resting spent in this place.
 E = Time spent auto-exploring this place.
 F = Levels seen in this place.
 G = Mean time per level.
                   A        B        C        D        E       F      G
               +--------+--------+--------+--------+--------+-----+--------+
         Total |   2231 |   2161 |     70 |      0 |   1634 |   3 |  743.7 |
       Dungeon |   2231 |   2161 |     70 |      0 |   1634 |   3 |  743.7 |
               +--------+--------+--------+--------+--------+-----+--------+

Top non-repeatable levels by time:
     D:2: 1086 daAuts
     D:1: 866 daAuts
     D:3: 279 daAuts
